 Dungeon Crawl Stone Soup version 0.22.1-1-ga44c0e5 (webtiles) character file.

584 eccles the Chopper (level 7, -2/62 HPs)
             Began as a Minotaur Berserker on Oct 15, 2018.
             Was a Believer of Trog.
             Slain by a jelly (3 damage)
             ... on level 4 of the Dungeon on Oct 16, 2018.
             The game lasted 00:13:25 (2350 turns).

eccles the Chopper (Minotaur Berserker)             Turns: 2350, Time: 00:13:25

Health: -2/62      AC: -3    Str: 21    XL:     7   Next: 14%
Magic:  6/6        EV:  9    Int:  4    God:    Trog [**....]
Gold:   118        SH:  9    Dex: 12    Spells: 6/6 levels left

rFire    . . .     SeeInvis .   a - +0 hand axe
rCold    . . .     Gourm    .   w - +0 shield
rNeg     . . .     Faith    .   A - +0 scale mail
rPois    .         Spirit   .   (helmet restricted)
rElec    .         Reflect  .   (no cloak)
rCorr    .         Harm     .   (no gloves)
MR       .....                  u - +0 pair of boots
Stlth    ..........             (no amulet)
HPRegen  0.20/turn              (no ring)
MPRegen  0.10/turn              (no ring)

@: corroded
A: retaliatory headbutt, horns 2
a: Berserk, Trog's Hand, Renounce Religion


You were on level 4 of the Dungeon.
You worshipped Trog.
Trog was pleased with you.
You were hungry.

You visited 1 branch of the dungeon, and saw 4 of its levels.

You collected 118 gold pieces.

Inventory:

Hand Weapons
 a - a +0 hand axe (weapon)
 m - a +0 quarterstaff
Missiles
 i - 16 tomahawks (quivered)
Armour
 b - a +0 animal skin
 j - a +0 leather armour
 u - a +0 pair of boots (worn)
 w - a +0 shield (worn)
 A - a +0 scale mail (worn)
Jewellery
 f - an uncursed amulet of regeneration {unknown}
 k - an uncursed ring of fire {unknown}
 s - an uncursed ring of magical power {unknown}
Wands
 o - a wand of digging (17)
Scrolls
 d - 9 scrolls of identify {unknown}
 e - 2 scrolls of immolation {unknown}
 l - a scroll of amnesia {unknown}
 n - 7 scrolls of teleportation {unknown}
 p - a scroll of remove curse {unknown}
 v - a scroll of enchant weapon {unknown}
 y - a scroll of enchant armour {unknown}
 z - 2 scrolls of fog {unknown}
Potions
 g - a potion of flight {unknown}
 h - 5 potions of curing {unknown}
 q - 2 potions of lignification {unknown}
 r - a potion of degeneration {unknown}
 t - a potion of mutation {unknown}
Comestibles
 c - 7 rations
 x - 9 chunks of flesh


   Skills:
 + Level 5.9 Fighting
 + Level 6.5 Axes
 + Level 4.0 Armour
 + Level 3.7 Dodging
 + Level 1.2 Stealth
 + Level 2.2 Shields


You had 6 spell levels left.
You didn't know any spells.
Your spell library was empty.

Dungeon Overview and Level Annotations

Branches:
Dungeon (4/15)
 Temple: D:4-7

Altars:


Innate Abilities, Weirdness & Mutations

You reflexively headbutt those who attack you in melee.
You have a pair of horns on your head.


Message History

* * * LOW HITPOINT WARNING * * *
You hit the jelly but do no damage.
Your hands burn!
* * * LOW HITPOINT WARNING * * *
You headbutt the jelly.
The jelly is almost dead.
You block the jelly's attack.
You hit the jelly but do no damage.
Your hands burn!
* * * LOW HITPOINT WARNING * * *
You headbutt the jelly, but do no damage.
The jelly is almost dead.
The jelly barely misses you. You furiously retaliate!
You headbutt the jelly, but do no damage.
You completely miss the jelly.
The jelly is almost dead.
The jelly hits you.
* * * LOW HITPOINT WARNING * * *
You are splashed with acid!
The acid burns!
* * * LOW HITPOINT WARNING * * *
The jelly hits you.
You die...

....# ...)# .... ...
.. ### ##.# #.# #.$#
#(# #J# #.# #@# #.#
#.# ##.# # #.# #..#
#.. ###.# ##..#
#...#..)### #...#
#....))).#######.#.#
#...####)(.......#.#
#..# ########..#.##
#.# ##..#..###


You could see a jelly.

Vanquished Creatures
  Eustachio (D:4)
  An ogre (D:4)
  3 orc priests (D:3)
  4 orc wizards
  2 worker ants
  4 adders
  An ooze (D:1)
  2 worms
  A dart slug (D:2)
  2 leopard geckos
  12 orcs
  6 bats
  A giant cockroach (D:4)
  3 goblins
  6 hobgoblins
  7 jackals
  A quokka (D:4)
  2 ball pythons
  4 frilled lizards
  2 kobolds
  2 rats
67 creatures vanquished.

Notes
Turn   | Place    | Note
-------+----------+-------------------------------------------
     0 | D:1      | eccles the Minotaur Berserker began the quest for the Orb.
     0 | D:1      | Reached XP level 1. HP: 19/19 MP: 0/0
   325 | D:1      | Reached XP level 2. HP: 15/27 MP: 1/1
   540 | D:2      | Reached skill level 4 in Axes
   669 | D:2      | Reached XP level 3. HP: 21/34 MP: 2/2
  1108 | D:3      | Reached skill level 5 in Fighting
  1108 | D:3      | Reached XP level 4. HP: 20/42 MP: 3/3
  1112 | D:3      | Reached skill level 5 in Axes
  1114 | D:3      | Reached skill level 1 in Stealth
  1114 | D:3      | Reached XP level 5. HP: 14/48 MP: 4/4
  1342 | D:3      | Reached ** piety under Trog
  1681 | D:3      | Reached XP level 6. HP: 10/56 MP: 5/5
  2198 | D:4      | Noticed Eustachio
  2220 | D:4      | Killed Eustachio
  2220 | D:4      | Reached skill level 6 in Axes
  2220 | D:4      | Reached skill level 1 in Shields
  2281 | D:4      | Reached XP level 7. HP: 62/62 MP: 6/6
  2349 | D:4      | HP: 1/62 [acid (5)]
  2350 | D:4      | Slain by a jelly

Skill      XL: |  1  2  3  4  5  6  7 |
---------------+----------------------+-----
Fighting       | 4 5 |  5.9
Axes           | 4 5 6 |  6.5
Stealth        | 1 |  1.2
Armour         | 3 4 |  4.0
Dodging        | 3 |  3.7
Shields        | 1 2 |  2.2

Action                   |  1- 3 |  4- 6 |  7- 9 || total
-------------------------+-------+-------+-------++-------
Melee: Hand axe          |    54 |    98 |    24 ||   176
       Headbutt          |     5 |    21 |     6 ||    32
Invok: Berserk           |     1 |     2 |       ||     3
  Eat: Chunk             |     1 |     6 |       ||     7
Armor: Leather armour    |    20 |    20 |       ||    40
       Scale mail        |       |       |     3 ||     3
Dodge: Dodged            |    53 |    49 |    10 ||   112
Block: Shield            |       |    33 |    10 ||    43
